 Dungeon Crawl Stone Soup version 0.30-a0-726-gd89dcf765f (webtiles) character file.

Game seed: 3699666521491030138

849 Bnni the Poker (level 7, -1/56 HPs)
             Began as a Demonspawn Fighter on Jan 29, 2023.
             Was an Initiate of Yredelemnul.
             Killed from afar by Dowan (23 damage)
             ... with a shard of ice
             ... on level 5 of the Dungeon.
             The game lasted 00:07:25 (3730 turns).

Bnni the Poker (Demonspawn Fighter)                 Turns: 3730, Time: 00:07:26

Health: -1/56      AC: 12    Str: 18    XL:     7   Next: 69%
Magic:  7/9        EV:  6    Int: 10    God:    Yredelemnul [......]
Gold:   233        SH:  5    Dex: 12    Spells: 6/6 levels left

rFire   . . .      SeeInvis .    a - +0 trident
rCold   . . .      Faith    .    c - +0 buckler
rNeg    . . .      Spirit   .    u - +0 chain mail
rPois   +          Reflect  .    (no helmet)
rElec   .          Harm     .    (cloak unavailable)
rCorr   .          Rampage  .    l - +2 pair of gloves
Will    .....                    (no boots) Stlth
                                 (no amulet)
HPRegen 0.29/turn                A - ring of poison resistance
MPRegen 0.11/turn                (no ring)

@: no status effects
A: demonic guardian 1, powered by death 1, weakness stinger 3
a: Renounce Religion, Recall Undead Harvest


You were on level 5 of the Dungeon.
You worshipped Yredelemnul.
Yredelemnul was noncommittal.
You visited 2 branches of the dungeon, and saw 6 of its levels.

You collected 233 gold pieces.

Inventory:

Hand Weapons
 a - a +0 trident (weapon)
Missiles
 n - 3 poisoned darts (quivered)
 t - a throwing net
Armour
 c - a +0 buckler (worn)
 l - a +2 pair of gloves (worn)
 u - a +0 chain mail (worn)
Jewellery
 A - a ring of poison resistance (left hand)
Wands
 o - a wand of charming (15)
 w - a wand of iceblast (4)
Scrolls
 b - 3 scrolls of identify {unknown}
 e - a scroll of blinking {unknown}
 f - 4 scrolls of poison {unknown}
 k - a scroll of fear {unknown}
 m - a scroll of noise {unknown}
 p - a scroll of immolation {unknown}
 q - a scroll of fog {unknown}
 r - a scroll of magic mapping {unknown}
 s - 2 scrolls of teleportation {unknown}
 y - a scroll of amnesia {unknown}
 z - a scroll of butterflies {unknown}
 B - a scroll of acquirement {unknown}
Potions
 g - 2 potions of flight
 h - a potion of heal wounds
 i - a potion of brilliance {unknown}
 j - 3 potions of curing
 v - a potion of magic {unknown}
 x - 3 potions of attraction {unknown}


   Skills:
 + Level 5.2 Fighting
 * Level 5.8 Polearms
 - Level 2.6 Armour
 - Level 4.0 Shields
 + Level 3.7 Invocations


You had 6 spell levels left.
You didn't know any spells.
Your spell library contained the following spells:

 Spells                   Type           Power      Damage    Failure   Level
 Lesser Beckoning         Tloc           0%         N/A       100%        2
 Gell's Gravitas          Tloc           0%         N/A       100%        3
 Teleport Other           Tloc           0%         N/A       100%        3


Dungeon Overview and Level Annotations

Branches:
Dungeon (5/15)             Temple (1/1) D:5

Altars:
Ashenzari
Cheibriados
Dithmenos
Fedhas
Gozag
Hepliaklqana
Kikubaaqudgha
Makhleb
Nemelex Xobeh
Okawaru
Qazlal
Sif Muna
Trog
Uskayaw
Vehumet
Wu Jian
Yredelemnul

Annotations:
D:5 Dowan
Temple 2 transporters


Innate Abilities, Weirdness & Mutations

A weak demonic guardian rushes to your aid.
You regenerate a little health from kills.
You have a sharp stinger which inflicts weakening toxins.


Message History

Dowan points at you and mumbles some strange words.
The shard of ice hits you!
You hit Dowan.
Dowan is heavily wounded.
Dowan is no longer weakened.
Dowan casts a spell at you. The stone arrow hits you!
* * * LOW HITPOINT WARNING * * *
A demonic guardian appears!
The orc hits you with a +2 antimagic hand axe.
* * * LOW HITPOINT WARNING * * *
The orc completely misses you.
Throw: 2 throwing nets
Press: ? - help, Shift-Dir - straight line, f - Dowan
Aim: Dowan, wielding a +0 dagger and wearing a +0 robe (heavily wounded, fast, 48% to hit)
You throw a throwing net. The throwing net misses Dowan.
Dowan casts a spell at you. You block the shard of ice.
The orc hits you with a +0 club.
* * * LOW HITPOINT WARNING * * *
The orc hits you with a +2 antimagic hand axe.
* * * LOW HITPOINT WARNING * * *
You feel your power leaking away. Dowan hits you but does no damage.
Your white imp hits the orc but does no damage.
You feel much better. Dowan barely misses you.
The orc hits you but does no damage. x2; Your white imp barely misses the orc.
Dowan shakes with grief.
Dowan hits you but does no damage.
You hit Dowan.
Dowan is heavily wounded.
The orc hits you but does no damage. x2; Dowan hits you but does no damage.
Your white imp hits the orc but does no damage.
You barely miss Dowan.
Dowan is heavily wounded.
Dowan hits you but does no damage. The orc hits you with a +0 club.
The orc hits you but does no damage.
Your white imp barely misses the orc.
Dowan casts a spell at you. The shard of ice hits you!!
You die...
Your body rises from the dead as a mindless zombie.

###..##........
.....#..######
....#..# ...#..#
))#..# #O#... #
#g##.# ...
#o##.#.# ##
.....##o@#.#.# ##.
.....'.5e..#.#
##..
.....####.##.#
##..# ....
#..#.########..##
###
##.8.#........>..
##.....###..######
+.8.>.8#...##
##.....#.###
##.8.##.#


You could see an ogre, Dowan (fast), a gnoll, 2 orcs and a friendly white imp
(summoned).

Vanquished Creatures
  Duvessa (D:5)
  An ogre (D:5)
  A centaur (D:4)
  A phantom (D:5)
  A scorpion (D:5)
  2 necrophages (D:5)
  A jelly (D:5)
  An orc wizard (D:2)
  3 gnolls
  4 adders
  A shadow imp (D:5)
  A white imp (D:3)
  3 dart slugs
  7 orcs
  7 ball pythons
  7 endoplasms
  9 goblins
  7 hobgoblins
  4 jackals
  5 quokkas
  5 bats
  2 frilled lizards (D:1)
  5 kobolds
  8 rats
87 creatures vanquished.

Vanquished Creatures (collateral kills)
  2 hounds (D:5)
  5 gnolls (D:5)
  3 orcs
  A quokka (D:3)
11 creatures vanquished.

Vanquished Creatures (others)
  A scorpion zombie (D:5)
  An ogre zombie (D:5)
  2 hound zombies (D:5)
  An adder zombie (D:5)
  A spectral shadow imp (D:5)
  4 gnoll zombies (D:5)
  7 plants (D:1)
17 creatures vanquished.

Grand Total: 115 creatures vanquished

Notes
Turn   | Place    | Note
-------+----------+-------------------------------------------
     0 | D:1      | Bnni the Demonspawn Fighter began the quest for the Orb.
     0 | D:1      | Reached XP level 1. HP: 18/18 MP: 1/1
   163 | D:1      | Gained mutation: You have a small tail. [demonic ancestry]
   163 | D:1      | Reached XP level 2. HP: 11/24 MP: 2/2
   388 | D:1      | Gained mutation: A weak demonic guardian rushes to your
                  | aid. [demonic ancestry]
   388 | D:1      | Reached XP level 3. HP: 29/29 MP: 3/3
   611 | D:1      | You fall into a shaft and drop 1 floor!
  1283 | D:2      | Found a shadowy altar of Dithmenos.
  1863 | D:3      | Gained mutation: You have a tail ending in a sharp stinger.
                  | [demonic ancestry]
  1863 | D:3      | Reached XP level 4. HP: 32/35 MP: 4/4
  2103 | D:3      | Found a bloodstained altar of Trog.
  2226 | D:3      | Gained mutation: You have a sharp stinger which inflicts
                  | weakening toxins. [demonic ancestry]
  2226 | D:3      | Reached XP level 5. HP: 42/42 MP: 5/5
  2345 | D:3      | Found an ancient bone altar of Kikubaaqudgha.
  2345 | D:3      | Found a sparkling altar of Nemelex Xobeh.
  2345 | D:3      | Found a hazy altar of Hepliaklqana.
  2356 | D:3      | Found an iron altar of Okawaru.
  2452 | D:3      | Found a faded altar of an unknown god.
  2758 | D:4      | Noticed a centaur
  2785 | D:4      | Killed a centaur
  3243 | D:5      | Entered Level 5 of the Dungeon
  3251 | D:5      | Gained mutation: You regenerate a little health from kills.
                  | [demonic ancestry]
  3251 | D:5      | Reached XP level 6. HP: 33/48 MP: 6/6
  3550 | D:5      | Found a staircase to the Ecumenical Temple.
  3560 | Temple   | Entered the Ecumenical Temple
  3560 | Temple   | Found a transporter.
  3560 | Temple   | Found a transporter.
  3562 | Temple   | Found a transporter.
  3562 | Temple   | Found a transporter.
  3576 | Temple   | Became a worshipper of Yredelemnul the Dark
  3616 | D:5      | Noticed Dowan
  3618 | D:5      | Noticed Duvessa
  3623 | D:5      | Reached skill level 1 in Invocations
  3640 | D:5      | Reached * piety under Yredelemnul
  3641 | D:5      | Reached skill level 5 in Polearms
  3641 | D:5      | Reached XP level 7. HP: 40/55 MP: 8/8
  3650 | D:5      | Reached ** piety under Yredelemnul
  3685 | D:5      | Killed Duvessa
  3686 | D:5      | Reached skill level 5 in Fighting
  3727 | D:5      | HP: 1/56 [orc/+2 antimagic hand axe (4)]
  3730 | D:5      | Killed from afar by Dowan

Illustrated notes

Levels and vault maps discovered:
D:1:      lemuel_arrival_rhombus, layout_loops_ring, chequers_big_river
D:2:      layout_basic, basic_altar
D:3:      layout_rooms, mainiacjoe_overflow_boulevard,
          nicolae_overflow_quartered_altars,
          dreamdust_ecumenical_altar_hidden_monk_grotto
D:4:      layout_cave_pools
D:5:      layout_basic, minmay_temple_entry_statues_pillars, uniq_duvessa
Temple:   hellmonk_temple_divided_pantheon

Skill      XL: |  1  2  3  4  5  6  7 |
---------------+----------------------+-----
Polearms       | 2 3 4 5 |  5.8
Shields        | 3 4 |  4.0
Fighting       | 4 5 |  5.2
Invocations    | 2 3 |  3.7
Armour         | |  2.6

Action                     |  1- 3 |  4- 6 |  7- 9 || total
---------------------------+-------+-------+-------++-------
  Melee: Trident           |   132 |   178 |    58 ||   368
         Tailslap          |     8 |    15 |     3 ||    26
  Throw: Throwing net      |       |       |     1 ||     1
    Use: Potion            |       |     3 |     2 ||     5
   Stab: Distracted        |       |       |     1 ||     1
 Armour: Scale mail        |    29 |    54 |       ||    83
         Chain mail        |       |    72 |    27 ||    99
  Dodge: Dodged            |    29 |    86 |    11 ||   126
  Block: Buckler           |    15 |    51 |    11 ||    77

Table legend: (Time is in decaauts)
 A = Elapsed time spent in this place.
 B = Non-inter-level travel time spent in this place.
 C = Inter-level travel time spent in this place.
 D = Time resting spent in this place.
 E = Time spent auto-exploring this place.
 F = Levels seen in this place.
 G = Mean time per level.
                   A        B        C        D        E       F      G
               +--------+--------+--------+--------+--------+-----+--------+
         Total |   3811 |   3628 |    183 |    193 |   2573 |   6 |  635.2 |
       Dungeon |   3774 |   3609 |    165 |    193 |   2573 |   5 |  754.8 |
        Temple |     36 |     18 |     18 |      0 |      0 |   1 |   36.0 |
               +--------+--------+--------+--------+--------+-----+--------+

Top non-repeatable levels by time:
     D:1: 1024 daAuts
     D:2: 967 daAuts
     D:3: 668 daAuts
     D:4: 654 daAuts
     D:5: 459 daAuts
  Temple: 36 daAuts
